 Dungeon Crawl Stone Soup version 0.31-a0-640-g39d97e502b (webtiles) character file.

Game seed: 1947074194870580106

91 Sanktem7 the Shield-Bearer (level 4, 0/40 HPs)
             Began as a Minotaur Fighter on Aug 29, 2023.
             Succumbed to Crazy Yiuf's poison
             ... on level 2 of the Dungeon.
             The game lasted 00:02:04 (1641 turns).

Sanktem7 the Shield-Bearer (Minotaur Fighter)       Turns: 1641, Time: 00:02:04

Health: 0/40       AC:  7    Str: 23    XL:     4   Next: 33%
Magic:  3/3        EV:  9    Int:  5    God:
Gold:   87         SH:  4    Dex:  9    Spells: 3/3 levels left

rFire   . . .        a - +0 war axe {axe}
rCold   . . .        c - +0 buckler
rNeg    . . .        b - +0 scale mail
rPois   .            (helmet restricted)
rElec   .            (no cloak)
rCorr   .            (no gloves)
SInv    .            (no boots)
Will    .....        (no amulet) Stlth
                     (no ring)
HPRegen 0.26/turn    (no ring)
MPRegen 0.08/turn

%: no passive effects
@: lethally poisoned (0 -> -9), invisible
A: horns 2, retaliatory headbutt
a: no special abilities


You were on level 2 of the Dungeon.
You visited 1 branch of the dungeon, and saw 2 of its levels.

You collected 87 gold pieces.


Innate Abilities, Weirdness & Mutations

You have a pair of horns on your head.
You reflexively headbutt those who attack you in melee.


   Skills:
 + Level 4.2 Fighting
 * Level 4.0 Axes
 + Level 4.2 Armour
 + Level 4.3 Shields


You had 3 spell levels left.
You didn't know any spells.
Your spell library contained the following spells:

 Spells                   Type           Power      Damage    Failure   Level
 Poisonous Vapours        Pois/Air       0%         N/A       94%         2
 Mephitic Cloud           Conj/Pois/Air  0%         N/A       99%         3
 Volatile Blastmotes      Fire/Tloc      0%         2d10      99%         3
 Fulminant Prism          Conj/Hex       0%         3d5       100%        4
 Iskenderun's Mystic Bla  Conj/Tloc      0%         2d3       100%        4
 Freezing Cloud           Conj/Ice/Air   0%         6-21      100%        5

Inventory:

Hand Weapons
 a - a +0 war axe (weapon) {axe}
Missiles
 g - 11 stones {throwing}
 p - a throwing net {=f!fthrowing}
Armour
 b - a +0 scale mail (worn)
 c - a +0 buckler (worn)
Magical Staves
 n - a staff of earth {!astaff}
   (You found it on level 2 of the Dungeon)
Jewellery
 j - a ring of flight
   (You found it on level 1 of the Dungeon)
Scrolls
 e - a scroll of blinking {unknown}
 k - 3 scrolls of teleportation {unknown}
 m - a scroll of identify {unknown}
 q - a scroll of noise {unknown}
Potions
 d - 2 potions of might
 f - a potion of heal wounds {unknown}
 h - a potion of attraction {unknown}
 l - a potion of mutation {unknown}
 o - a potion of curing {unknown}

Dungeon Overview and Level Annotations

Branches:
Dungeon (2/15) Zot: 10332

Altars:

#####.####
##.###.##.#.......##..
......# #.##
##.#.##.#...#####
####### #.#
#......##.## # ###
#########.# #.....#
####### #####.#
###...#.######## #.#
##......#..##...# #.#
#.....#####.'@..# #.#
##..#..# ###..)#
#.###### ###..#####
##### #####.##...#
....## #........#.#
.#### #####.##...#
.##.## #########
##...##.## .....#
#.......# #.....#...
.##.## ###...###
##...##### .##.###
#...# ##.##


There were no monsters in sight!


Message History

No target in view!
No target in view!
No target in view!
No target in view!
No target in view!
No target in view!
No target in view!
No target in view!
No target in view!
You now have 87 gold pieces (gained 13).
You see here a rat corpse.
Found a stone staircase leading down.
p - a throwing net {=f!fthrowing} A giant cockroach comes into view.
A giant cockroach is nearby!
A giant cockroach is nearby!
A giant cockroach is nearby!
You slash the giant cockroach!
You kill the giant cockroach!
No target in view!
No target in view!
No target in view!
No target in view!
No target in view!
No target in view!
No target in view!
No target in view!
No target in view!
No target in view!
No target in view!
No target in view!
No target in view!
No target in view!
No target in view!
No target in view!
No target in view!
No target in view!
No target in view!
No target in view!
No target in view!
No target in view!
No target in view!
Key pressed, stopping explore.
Key pressed, stopping explore.
q - a scroll labelled NADEG NAJYXOAH
Found a runed translucent door.
Crazy Yiuf shouts!
Crazy Yiuf laughs, "Walk!"
There is a stone staircase leading down here.
You open the door.
There is an open door here.
You open the door.
There is an open door here.
There is a stone staircase leading down here.
Key pressed, stopping explore.
Crazy Yiuf shouts!
You open the door.
Crazy Yiuf hits you with a +3 quarterstaff of chaos.
You feel drained.
There is an open translucent door here. 😕 HP[-3]
You now have 32 max hp (-1).
You take 3 damage, and now have 30/32 hp.
You slash Crazy Yiuf! You block Crazy Yiuf's attack. 😕 HP[+1]
You closely miss Crazy Yiuf.
Crazy Yiuf laughs, "Gnoll bag sow!"
Crazy Yiuf hits you with a +3 quarterstaff of chaos!
You are lethally poisoned! 😮 HP[-13]
You take 13 damage, and now have 18/32 hp.
MASSIVE DAMAGE!! (PAUSE)
You slash Crazy Yiuf!
* * * LOW HITPOINT WARNING * * *
You feel extremely sick. Crazy Yiuf barely misses you.
Crazy Yiuf hits you with a +3 quarterstaff of chaos.
* * * LOW HITPOINT WARNING * * *
😱 HP[-10]
You take 10 damage, and now have 8/32 hp.
MASSIVE DAMAGE!! (PAUSE)
You slash Crazy Yiuf!
You kill Crazy Yiuf!
* * * LOW HITPOINT WARNING * * *
You feel very sick.
Your life force feels restored.
Your Axes skill increases to level 4!
You have reached level 4!
You feel stronger. 😱 HP[-4] MP[+1]
You now have 40 max hp (+8).
Your mp is fully restored (3).
* * * LOW HITPOINT WARNING * * *
You feel sick.
Things that are here:
a +3 quarterstaff of chaos {staff}; a +1 cloak of poison resistance; the gnoll corpse of Crazy Yiuf 😱 HP[-1]
You take 1 damage, and now have 3/40 hp.
It was a potion of invisibility.
You fade into invisibility!
You die...

Skill      XL: |  1  2  3 |
---------------+----------+-----
Axes           | 3 4 |  4.0
Armour         | 4 |  4.2
Shields        | 4 |  4.3
Fighting       | 4 |  4.2

Action                     |  1- 3 |  4- 6 || total
---------------------------+-------+-------++-------
  Melee: War axe           |    73 |       ||    73
         Headbutt          |     3 |       ||     3
    Use: Potion            |       |     1 ||     1
 Armour: Scale mail        |    42 |       ||    42
  Dodge: Dodged            |    34 |       ||    34
  Block: Buckler           |    19 |       ||    19

Levels and vault maps discovered:
D:1:      dpeg_arrival_three_same_balls, layout_rooms, minmay_crystal_water
D:2:      layout_loops_corners, chequers_serial_rivers_micro_e,
          uniq_crazy_yiuf_cottage

Notes
Turn   | Place    | Note
-------+----------+-------------------------------------------
     0 | D:1      | Sanktem7 the Minotaur Fighter began the quest for the Orb.
     0 | D:1      | Reached XP level 1. HP: 19/19 MP: 0/0
     0 | D:1      | magus.rc [v1.9.6]
    90 | D:1      | You pick up a book of Vapours and begin reading...
    90 | D:1      | You add the spells Poisonous Vapours, Mephitic Cloud and
                  | Freezing Cloud to your library.
   158 | D:1      | Reached XP level 2. HP: 27/27 MP: 1/1
   257 | D:1      | Reached skill level 3 in Axes
   339 | D:1      | You pick up a book of Blasting and begin reading...
   339 | D:1      | You add the spells Volatile Blastmotes, Fulminant Prism and
                  | Iskenderun's Mystic Blast to your library.
   801 | D:2      | Reached skill level 4 in Armour
   801 | D:2      | Reached skill level 4 in Shields
   801 | D:2      | Reached XP level 3. HP: 33/33 MP: 2/2
   859 | D:2      | Reached skill level 4 in Fighting
  1540 | D:2      | Found a runed translucent door.
  1541 | D:2      | Noticed Crazy Yiuf
  1638 | D:2      | HP: 8/32 [Crazy Yiuf/+3 quarterstaff of chaos (2)]
  1639 | D:2      | Killed Crazy Yiuf
  1640 | D:2      | Reached skill level 4 in Axes
  1640 | D:2      | Reached XP level 4. HP: 4/40 MP: 3/3
  1640 | D:2      | HP: 3/40 [poisoned by Crazy Yiuf]
  1641 | D:2      | Succumbed to Crazy Yiuf's poison

Vanquished Creatures
  Crazy Yiuf (D:2)
  2 adders (D:2)
  2 dart slugs
  2 ball pythons
  6 bats
  5 endoplasms
  2 giant cockroaches (D:2)
  2 goblins
  A hobgoblin (D:1)
  4 jackals (D:2)
  3 kobolds (D:1)
  A quokka (D:1)
  5 frilled lizards (D:1)
  2 rats
38 creatures vanquished.

Table legend:
 A = Non-vault XP
 B = Vault XP
 C = Vault XP percentage of total XP
 D = Non-vault monster count
 E = Vault monster count
 F = Vault count percentage of total count
                 A         B        C        D         E       F
            +---------+---------+-------+---------+---------+-------
      Total |      90 |      40 |  30.8 |      37 |       1 |   2.6
            +---------+---------+-------+---------+---------+-------
        D:1 |      32 |       0 |   0.0 |      19 |       0 |   0.0
        D:2 |      58 |      40 |  40.8 |      18 |       1 |   5.3
            +---------+---------+-------+---------+---------+-------

Skill      XL: |  1  2  3 |
---------------+----------+-----
Axes           | 3 4 |  4.0
Armour         | 4 |  4.2
Shields        | 4 |  4.3
Fighting       | 4 |  4.2

Action                     |  1- 3 |  4- 6 || total
---------------------------+-------+-------++-------
  Melee: War axe           |    73 |       ||    73
         Headbutt          |     3 |       ||     3
    Use: Potion            |       |     1 ||     1
 Armour: Scale mail        |    42 |       ||    42
  Dodge: Dodged            |    34 |       ||    34
  Block: Buckler           |    19 |       ||    19

Illustrated notes

Table legend:
 A = Kills in this place as a percentage of kills in the entire game.
 B = Kills by you in this place as a percentage of kills by you in the entire game.
 C = Kills by friends in this place as a percentage of kills by friends in the entire game.
 D = Other kills in this place as a percentage of other kills in the entire game.
 E = Experience gained in this place as a percentage of experience gained in the entire game.
 F = Experience gained in this place divided by the number of levels of this place that you have seen.
                   A       B       C       D       E      F
               +-------+-------+-------+-------+-------+----------------------
         Total | 100.0 | 100.0 |   N/A |   N/A | 100.0 |  65.0
       Dungeon | 100.0 | 100.0 |   N/A |   N/A | 100.0 |  65.0
               +-------+-------+-------+-------+-------+----------------------

Table legend: (Time is in decaauts)
 A = Elapsed time spent in this place.
 B = Non-inter-level travel time spent in this place.
 C = Inter-level travel time spent in this place.
 D = Time resting spent in this place.
 E = Time spent auto-exploring this place.
 F = Levels seen in this place.
 G = Mean time per level.
                   A        B        C        D        E       F      G
               +--------+--------+--------+--------+--------+-----+--------+
         Total |   1667 |   1629 |     38 |      0 |   1408 |   2 |  833.5 |
       Dungeon |   1667 |   1629 |     38 |      0 |   1408 |   2 |  833.5 |
               +--------+--------+--------+--------+--------+-----+--------+

Top non-repeatable levels by time:
     D:2: 961 daAuts
     D:1: 706 daAuts
